 Dungeon Crawl Stone Soup version 0.31.0-7-gf635a9b802 (webtiles) character file.

Game seed: 12619047345273637313

210 solopath the Ruffian (level 5, -4/50 HPs)
             Began as a Troll Fighter on Jan 24, 2024.
             Slain by an ogre
             ... wielding a +0 giant club
              (15 damage)
             ... on level 4 of the Dungeon.
             The game lasted 00:02:28 (1819 turns).

solopath the Ruffian (Troll Fighter)                Turns: 1819, Time: 00:02:29

Health: -4/50      AC:  4    Str: 24    XL:     5   Next: 57%
Magic:  4/4        EV:  8    Int:  6    God:
Gold:   222        SH:  9    Dex:  9    Spells: 4/4 levels left

rFire   . .          .
                       - Unarmed
rCold   . . .        b - +1 kite shield
rNeg    . . .        a - +0 robe
rPois   .            (helmet restricted)
rElec   .            (no cloak)
rCorr   .            (gloves unavailable)
SInv    .            (boots unavailable)
Will    .....        (no amulet)
Stlth   +            d - +4 ring of slaying
HPRegen 1.08/turn    (no ring)
MPRegen 0.09/turn

%: no passive effects
@: no status effects
A: large, unfitting armour, claws 3, regeneration 1, shaggy fur 1, tough skin 1
a: no special abilities


You were on level 4 of the Dungeon.
You visited 1 branch of the dungeon, and saw 4 of its levels.

You collected 222 gold pieces.

Inventory:

Missiles
 p - 3 poisoned darts (quivered)
Armour
 a - a +0 robe (worn)
 b - a +1 kite shield (worn)
Jewellery
 d - a +4 ring of slaying (left claw)
Talismans
 g - a flux talisman
Scrolls
 e - a scroll of enchant weapon
 h - 2 scrolls of fog
 i - a scroll of enchant armour
 j - 3 scrolls of identify
 m - a scroll of immolation
Potions
 c - a potion of might
 f - a potion of curing {unknown}
 k - a potion of berserk rage {unknown}
 l - 2 potions of lignification
 n - a potion of heal wounds {unknown}
 o - a potion of magic {unknown}
 r - a potion of attraction {unknown}
 s - a potion of haste {unknown}


   Skills:
 - Level 2.4 Fighting
 - Level 2.4 Dodging
 + Level 4.0 Shields
 * Level 4.9 Unarmed Combat


You had 4 spell levels left.
You didn't know any spells.
Your spell library contained the following spells:

 Spells                   Type           Power      Damage    Failure   Level
 Sting                    Conj/Alch      0%         1d3       71%         1
 Mercury Vapours          Alch/Air       0%         N/A       85%         2
 Olgreb's Toxic Radiance  Alch           0%         N/A       100%        4


Dungeon Overview and Level Annotations

Branches:
Dungeon (4/15)
 Temple: D:4-7

Altars:


Innate Abilities, Weirdness & Mutations

You are too large for most types of armour.
You have claws for hands.
Your natural rate of healing is unusually fast.
You are covered in fur. (AC +1)
You have tough skin. (AC +1)


Message History

It was a scroll of fog.
As you read the scroll labelled TYPPAN ZYNOME, it crumbles to dust.
It is a scroll of enchant armour.
Your +0 kite shield glows green for a moment.
As you read the scroll labelled FUHIUPOQ QOTAK, it crumbles to dust.
It is a scroll of identify.
l - 2 potions of lignification
As you read the scroll labelled EFAENK ZEARE, it crumbles to dust.
The air around you briefly surges with heat, but it dissipates.
It was a scroll of immolation.
As you read the scroll labelled XIVORI AXAPAF, it crumbles to dust.
It is a scroll of brand weapon.
You aren't carrying any weapons that can be branded.
A kobold and an ogre come into view.
The kobold shouts!
The ogre shouts!
You hear an angry hiss.
You scratch the ogre.
The ogre is lightly wounded.
The ogre hits you with a +0 giant club!
You claw the ogre!
The ogre is moderately wounded.
An adder comes into view.
You barely miss the ogre.
The ogre is moderately wounded.
The adder hisses angrily.
The ogre hits you with a +0 giant club!!
* * * LOW HITPOINT WARNING * * *
Unknown command.
You scratch the ogre.
The ogre is heavily wounded.
The ogre hits you with a +0 giant club!
* * * LOW HITPOINT WARNING * * *
You claw the ogre!
The ogre is almost dead.
You barely miss the ogre.
The ogre is almost dead.
The ogre barely misses you.
You completely miss the ogre.
The ogre is almost dead.
The ogre hits you with a +0 giant club!
You die...

...... ......
.S.... ....^.
....... #§.......
######S§.§....
#§<§@OK..§....
.....§§#####§§§....
####### §.....#
.#### #


You could see an ogre, an adder and a kobold.

Vanquished Creatures
  An orc priest (D:3)
  An orc wizard (D:3)
  Robin (D:2)
  2 adders
  4 gnolls (D:3)
  A dart slug (D:3)
  3 ribbon worms
  2 orcs (D:3)
  5 ball pythons
  5 endoplasms
  4 giant cockroaches
  11 goblins (D:2)
  9 hobgoblins
  4 jackals (D:1)
  3 quokkas
  8 bats
  4 frilled lizards
  3 kobolds
  3 rats
74 creatures vanquished.

Notes
Turn   | Place    | Note
-------+----------+-------------------------------------------
     0 | D:1      | solopath the Troll Fighter began the quest for the Orb.
     0 | D:1      | Reached XP level 1. HP: 22/22 MP: 0/0
    82 | D:1      | Reached XP level 2. HP: 29/29 MP: 1/1
   585 | D:2      | Reached XP level 3. HP: 36/36 MP: 2/2
   862 | D:2      | Noticed Robin
   879 | D:2      | Killed Robin
   880 | D:2      | Reached XP level 4. HP: 24/44 MP: 3/3
  1433 | D:3      | Reached XP level 5. HP: 15/50 MP: 4/4
  1809 | D:4      | Noticed an ogre
  1819 | D:4      | Slain by an ogre

Illustrated notes

Levels and vault maps discovered:
D:1:      dpeg_arrival_castle, layout_rooms, interstate_on_off,
          chequers_decorated_corner
D:2:      layout_basic, uniq_robin
D:3:      layout_basic, serial_curves, eino_curves_04, eino_curves_04
D:4:      layout_rooms, lightli_ossuary_entry_decrepit_ruins,
          minmay_misc_feat_rows, uniq_blork_the_orc

Skill      XL: |  1  2  3  4  5 |
---------------+----------------+-----
Shields        | 3 4 |  4.0
Unarmed Combat | 3 4 |  4.9
Fighting       | |  2.4
Dodging        | |  2.4

Action                     |  1- 3 |  4- 6 || total
---------------------------+-------+-------++-------
  Melee: Unarmed           |    94 |    73 ||   167
    Use: Scroll            |       |     6 ||     6
   Stab: Sleeping          |     1 |       ||     1
 Armour: Robe              |    73 |    62 ||   135
  Dodge: Dodged            |    32 |    19 ||    51
  Block: Kite shield       |    46 |    28 ||    74
